 Dungeon Crawl Stone Soup version 0.26.1-11-gd32895ea62 (webtiles) character file.

Game seed: 1201302730841934300

413 Almogavar the Digger (level 6, -1/35 HPs)
             Began as a Gargoyle Earth Elementalist on May 11, 2021.
             Killed from afar by Sigmund (3 damage)
             ... with a puff of flame
             ... on level 4 of the Dungeon.
             The game lasted 00:13:31 (3356 turns).

Almogavar the Digger (Gargoyle Earth Elementalist)  Turns: 3356, Time: 00:13:32

Health: -1/35      AC: 10    Str: 11    XL:     6   Next: 90%
Magic:  11/11      EV: 10    Int: 18    God:
Gold:   107        SH:  0    Dex: 10    Spells: 11/12 levels left

rFire    . . .     SeeInvis .   h - +0 quarterstaff
rCold    . . .     Faith    .   (shield currently unavailable)
rNeg     + . .     Spirit   .   e - +0 ring mail
rPois    ∞         Reflect  .   (no helmet)
rElec    +         Harm     .   (no cloak)
rCorr    .         Rampage  .   n - +0 pair of gloves
Will     .....                  (no boots)
Stlth    +.........             (no amulet)
HPRegen  0.11/turn              (no ring)
MPRegen  0.12/turn              (no ring)

@: no status effects
A: negative energy resistance 1, electricity resistance, unbreathing,
petrification resistance, miasma immunity, AC +4
a: no special abilities


You were on level 4 of the Dungeon.
You visited 1 branch of the dungeon, and saw 4 of its levels.

You collected 107 gold pieces.

Inventory:

Hand Weapons
 h - a +0 quarterstaff (weapon)
 m - a +1 dagger of venom
Missiles
 b - 130 stones
 t - 18 bolts
Armour
 e - a +0 ring mail (worn)
 n - a +0 pair of gloves (worn)
 q - a +4 scale mail of poison resistance
Wands
 s - a wand of enslavement (12)
 v - a wand of digging (5)
Scrolls
 d - 3 scrolls of fear
 i - 4 scrolls of remove curse
 k - 2 scrolls of blinking {unknown}
 l - a scroll of teleportation {unknown}
 u - 3 scrolls of amnesia {unknown}
Potions
 c - a potion of brilliance
 f - a potion of resistance
 j - a potion of might {unknown}
 o - a potion of lignification {unknown}
 p - a potion of magic {unknown}
 r - 3 potions of berserk rage {unknown}


   Skills:
 + Level 1.6 Fighting
 + Level 2.6 Staves
 + Level 0.2 Armour
 + Level 2.0 Dodging
 + Level 3.3 Stealth
 + Level 3.6 Spellcasting
 + Level 0.7 Transmutations
 + Level 5.9 Earth Magic


You had 11 spell levels left.
You knew the following spells:

 Your Spells              Type           Power        Failure   Level
a - Sandblast             Erth           48%          3%          1

Your spell library contained the following spells:

 Spells                   Type           Power        Failure   Level
 Passwall                 Tmut/Erth      12%          14%         2
 Stone Arrow              Conj/Erth      28%          32%         3
 Lee's Rapid Deconstruct  Erth           12%          65%         5
 Petrify                  Tmut/Erth      15%          67%         4


Dungeon Overview and Level Annotations

Branches:
Dungeon (4/15)
 Temple: D:4-7

Altars:
Dithmenos
Kikubaaqudgha
Trog

Annotations:
D:3 3 runed translucent doors, stil's ghost, amateur SpEn
D:4 2 transporters, Sigmund


Innate Abilities, Weirdness & Mutations

You are resistant to torment.
Your stone body is resilient. (AC +4)
You are immune to poison.
You resist negative energy. (rN+)
You are resistant to electric shocks. (rElec)
You can survive without breathing.
You are immune to petrification.
You are immune to miasma.


Message History

Something hits you but does no damage.
You hear some strange, mumbled words.
You are confused.
Something hits you but does no damage.
You closely miss something. Something hits you.
You closely miss something. Something hits you.
You closely miss something.
You feel less confused. Something hits you!
You barely miss something. You closely miss something.
You hear some strange, mumbled words.
A magic dart appears from out of thin air!
The magic dart hits you. Something hits you but does no damage.
You closely miss something. Something hits you!
* * * LOW HITPOINT WARNING * * *
A puff of flame appears from out of thin air!
The puff of flame hits you.
You die...

########..# #.....#.#...#
8$._.$8##.# #.....#.†{♣....♣
.=$$[[.h#.#
#.....###...##...
#.....#F#.# ###...# ##.## #
.#...#.B#.#####...### .#
.......D#........{..# .:
.#...#..#.####......# ♣.#
####### #..©..#.#.# #......#
.# ....... ........#.#
#..@...# #######...
8....?8##.#####.########...#
#...
########.............#.#.#.#
#... ...©.........##.####.#
..#.# #... ##...#.......##.#
#.# #.#.###...
##.#####..#+##.#
#.###.#.......
#.............#
#.#...........
####..........#
#.###.#.....#.
###..........#
#.###.#.###.#.


There were no monsters in sight!

Vanquished Creatures
  An ogre (D:4)
  A bullfrog (D:4)
  A bullfrog skeleton (D:4)
  An orc priest (D:3)
  2 orc wizards (D:3)
  Terence (D:3)
  A worker ant (D:4)
  3 adders
  An ooze (D:2)
  An adder skeleton (D:4)
  A worm (D:2)
  11 orcs
  4 giant cockroaches
  8 goblins
  2 hobgoblins (D:3)
  6 jackals
  5 kobolds
  9 bats
  5 frilled lizards
  3 rats (D:2)
67 creatures vanquished.

Notes
Turn   | Place    | Note
-------+----------+-------------------------------------------
     0 | D:1      | Almogavar the Gargoyle Earth Elementalist began the quest
                  | for the Orb.
     0 | D:1      | Reached XP level 1. HP: 10/10 MP: 3/3
   766 | D:2      | Reached skill level 4 in Earth Magic
   766 | D:2      | Reached XP level 2. HP: 15/15 MP: 1/5
   857 | D:2      | Reached XP level 3. HP: 19/19 MP: 0/6
  1319 | D:2      | Found a bloodstained altar of Trog.
  1740 | D:2      | Reached XP level 4. HP: 24/24 MP: 6/8
  1926 | D:3      | Noticed a centaur
  1931 | D:3      | Noticed stil's ghost (amateur SpEn)
  2093 | D:3      | Found a runed translucent gate.
  2094 | D:3      | Found a runed translucent gate.
  2188 | D:3      | Reached skill level 5 in Earth Magic
  2224 | D:3      | Reached skill level 1 in Fighting
  2245 | D:3      | Reached XP level 5. HP: 29/29 MP: 9/9
  2266 | D:3      | Reached skill level 1 in Staves
  2332 | D:3      | Found a runed translucent gate.
  2519 | D:3      | Noticed Terence
  2557 | D:3      | Killed Terence
  2724 | D:3      | You fall into a shaft and drop 1 floor!
  2734 | D:4      | Reached XP level 6. HP: 34/34 MP: 9/11
  2877 | D:4      | Found a transporter.
  2880 | D:4      | Found a transporter.
  2881 | D:4      | Noticed a six-headed hydra
  2890 | D:4      | Found an ancient bone altar of Kikubaaqudgha.
  3084 | D:4      | Found a shadowy altar of Dithmenos.
  3237 | D:4      | Noticed Sigmund
  3353 | D:4      | HP: 1/35 [something (11)]
  3356 | D:4      | Killed from afar by Sigmund

Illustrated notes

Levels and vault maps discovered:
D:1:      amcnicky_arrival_blooded_trapdoor, layout_loops_ring,
          minmay_curled_crystal, grunt_decor_resistance,
          minmay_misc_feat_more_columns
D:2:      layout_basic, solitary_fountain, bloody_trog
D:3:      layout_loops_cross, gammafunk_ghost_split, uniq_grinder, uniq_terence
D:4:      layout_basic, kennysheep_little_box, gammafunk_temple_overflow_arena,
          minmay_temple_entry_antechambers, grunt_ministairs_5, uniq_sigmund

Skill      XL: |  1  2  3  4  5  6 |
---------------+-------------------+-----
Earth Magic    | 4 5 |  5.9
Fighting       | 1 |  1.6
Spellcasting   | 3 |  3.6
Staves         | 2 |  2.6
Stealth        | 3 |  3.3
Dodging        | 2 |  2.0
Armour         | |  0.2
Transmutations | |  0.7

Action                   |  1- 3 |  4- 6 || total
-------------------------+-------+-------++-------
Melee: Dagger            |    32 |       ||    32
       Quarterstaff      |    19 |   177 ||   196
 Cast: Sandblast         |    31 |    54 ||    85
  Use: Scroll            |     3 |     4 ||     7
       Potion            |       |     5 ||     5
 Stab: Sleeping          |     1 |     1 ||     2
Armor: Robe              |    33 |    26 ||    59
       Ring mail         |       |    44 ||    44
Dodge: Dodged            |    49 |    94 ||   143
